 Dungeon Crawl Stone Soup version 0.31-a0-1591-g515db51633 (webtiles) character file.

Game seed: 3725990902202803886

59 Gantz the Cudgeller (level 3, 0/45 HPs)
             Began as an Armataur Berserker on Jan 3, 2024.
             Was a Follower of Trog.
             Slain by a bat (1 damage)
             ... on level 2 of the Dungeon on Jan 6, 2024.
             The game lasted 00:02:19 (685 turns).

Gantz the Cudgeller (Armataur Berserker)             Turns: 685, Time: 00:02:19

Health: 0/45       AC:  6    Str: 24    XL:     3   Next: 78%
Magic:  3/3        EV:  9    Int:  7    God:    Trog [*.....]
Gold:   43         SH:  0    Dex:  9    Spells: 2/2 levels left

rFire   . . .        h - +0 mace (drain)
rCold   . . .        (no shield)
rNeg    . . .        a - +0 ring mail
rPois   .            (no helmet)
rElec   .            (no cloak)
rCorr   .            (no gloves)
SInv    .            (no barding)
Will    .....        (no amulet) Stlth
                     d - +4 ring of slaying
HPRegen 0.27/turn    (no ring)
MPRegen 0.74/turn

%: roll
@: berserking, very quick
A: large, deformed body, tough skin 3, armoured tail, roll 1
a: Renounce Religion, Berserk


You were on level 2 of the Dungeon.
You worshipped Trog.
Trog was aware of your devotion.
You visited 1 branch of the dungeon, and saw 2 of its levels.

You collected 43 gold pieces.

Inventory:

Hand Weapons
 b - a +0 whip
 h - a +0 mace of draining (weapon)
Armour
 a - a +0 ring mail (worn)
Jewellery
 d - a +4 ring of slaying (left hand)
Scrolls
 e - 3 scrolls of fog {unknown}
 g - a scroll of identify {unknown}
Potions
 c - 2 potions of lignification {unknown}


   Skills:
 - Level 2.6 Fighting
 + Level 4.3 Maces & Flails
 - Level 2.4 Armour
 - Level 1.3 Dodging


You had 2 spell levels left.
You didn't know any spells.
Your spell library was empty.

Dungeon Overview and Level Annotations

Branches:
Dungeon (2/15)

Altars:


Innate Abilities, Weirdness & Mutations

Armour fits poorly on your strangely shaped body.
You have extremely tough skin. (AC +3)
You have a long armoured tail.
You regenerate magic when rolling toward enemies. (Rampage MPRegen)


Message History

Terence hits you from afar with a +0 trident!
You are too injured to fight recklessly!
You are too injured to fight recklessly!
The bat closely misses you. Terence attacks as he pursues you!
Terence barely misses you.
Terence hits you from afar with a +0 trident.
The bat hits you but does no damage. Terence attacks as he pursues you!
Terence hits you from afar with a +0 trident.
* * * LOW HITPOINT WARNING * * *
You are too injured to fight recklessly!
You roll towards Terence!
You thump Terence! You drain Terence.
Your tail-slap misses Terence.
Terence is severely wounded.
The bat hits you but does no damage. Terence hits you but does no damage.
You hit Terence.
Terence is severely wounded.
The bat hits you but does no damage. Terence closely misses you.
You hit Terence.
Terence is almost dead.
The bat closely misses you. The bat hits you but does no damage.
Terence hits you with a +0 trident.
* * * LOW HITPOINT WARNING * * *
The kobold hits you with a +0 club.
* * * LOW HITPOINT WARNING * * *
A red film seems to cover your vision as you go berserk!
You feel yourself moving faster!
You feel mighty!
You can no longer call upon Trog for regeneration and willpower.
Terence closely misses you. The kobold hits you with a +0 club.
* * * LOW HITPOINT WARNING * * *
You sock Terence!
You kill Terence!
Trog accepts your kill. The bat hits you but does no damage.
The kobold hits you with a +0 club.
* * * LOW HITPOINT WARNING * * *
Your Maces & Flails skill increases to level 4!
You thump the kobold!
You kill the kobold!
Trog accepts your kill. The bat hits you.
You die...

#........).#.......#
######.###.........#........#
.......<.#.........#........#
.........####...####.[......#
.........# #...# #.<†.....#
.........# #..)# #....<....#
.........## ##..# #.#.......#
..........####..##..#.......#
#...........b@....##.......#
.........#...).....##.#..####
#......####........##.#.>#
...#... ################
....... ..##..# . ..[ ##..


You could see a bat.

Vanquished Creatures
  Terence (D:2)
  A dart slug (D:1)
  4 ball pythons
  2 bats (D:1)
  An endoplasm (D:2)
  2 giant cockroaches (D:1)
  2 goblins (D:1)
  2 hobgoblins (D:1)
  3 jackals (D:1)
  2 quokkas (D:1)
  2 frilled lizards (D:1)
  3 kobolds
  7 rats (D:1)
32 creatures vanquished.

Notes
Turn   | Place    | Note
-------+----------+-------------------------------------------
     0 | D:1      | Gantz the Armataur Berserker began the quest for the Orb.
     0 | D:1      | Reached XP level 1. HP: 18/18 MP: 1/1
   184 | D:1      | Reached skill level 3 in Maces & Flails
   223 | D:1      | Reached XP level 2. HP: 25/25 MP: 2/2
   510 | D:1      | Reached XP level 3. HP: 28/30 MP: 3/3
   523 | D:1      | Upgraded the game from 0.31-a0-1547-g618ab1f346 to
                  | 0.31-a0-1591-g515db51633
   668 | D:2      | Noticed Terence
   670 | D:2      | Reached ** piety under Trog
   682 | D:2      | HP: 1/30 [kobold/+0 club (3)]
   684 | D:2      | Killed Terence
   685 | D:2      | Reached skill level 4 in Maces & Flails
   685 | D:2      | Slain by a bat

Illustrated notes

Levels and vault maps discovered:
D:1:      nagdon_arrival_double_spiral, layout_rooms
D:2:      layout_rooms, minmay_misc_feat_more_columns, patterned_corridor,
          uniq_terence

Skill      XL: |  1  2  3 |
---------------+----------+-----
Maces & Flails | 3 4 |  4.3
Fighting       | |  2.6
Armour         | |  2.4
Dodging        | |  1.3

Action                     || total
---------------------------++-------
  Melee: Mace              ||    82
         Tailslap          ||     3
 Invoke: Berserk           ||     1
 Armour: Leather armour    ||    46
         Animal skin       ||     3
         Ring mail         ||    32
  Dodge: Dodged            ||    65

Table legend: (Time is in decaauts)
 A = Elapsed time spent in this place.
 B = Non-inter-level travel time spent in this place.
 C = Inter-level travel time spent in this place.
 D = Time resting spent in this place.
 E = Time spent auto-exploring this place.
 F = Levels seen in this place.
 G = Mean time per level.
                   A        B        C        D        E       F      G
               +--------+--------+--------+--------+--------+-----+--------+
         Total |    702 |    698 |      4 |      0 |    464 |   2 |  351.0 |
       Dungeon |    702 |    698 |      4 |      0 |    464 |   2 |  351.0 |
               +--------+--------+--------+--------+--------+-----+--------+

Top non-repeatable levels by time:
     D:1: 653 daAuts
     D:2: 49 daAuts
